AoeStats
← darador86

Fortress

508152612Analyzed
4v4 RM · 13d ago on Sep 21, 2026· 32m 10s· 8 players
Game mode
Random Map
Map size
Huge
Population
200
Speed
Normal
Resources
Standard
Victory
Conquest
Starting age
Dark Age
Ending age
Imperial Age
RankedLock teamsTeams togetherTeam positionsShared explorationLock speedFull tech treeHidden civsTurbo modeCheats
Victory
Defeat
🇲🇽 Franks · Mexico
910
+7
🇲🇽 Bohemians · Mexico
838
+10
🇲🇽 Romans · Mexico
837
+10
🇲🇽 Britons · Mexico
833
+9
🇲🇽 Japanese · Mexico
706
-10
🇦🇷 Khmer · Argentina
692
-9
🇨🇱 Hindustanis · Chile
690
-9
🇦🇷 Huns · Argentina
673
-8
darador86
9:19 Feudal Age
12:21 Double-Bit Axe
12:22 Horse Collar
16:48 Castle Age
17:55 Bow Saw
20:28 Husbandry
20:42 Bloodlines
19:52 Light Cavalry
21:34 Caravan
22:25 Pikeman
23:58 Marauders
24:08 Scale Barding Armor
24:21 Forging
26:23 Squires
28:30 Chain Barding Armor
28:51 Iron Casting
Bergoglio
6:00 Loom
11:04 Feudal Age
11:38 Double-Bit Axe
13:33 Stone Mining
13:35 Gold Mining
13:26 Horse Collar
17:48 Castle Age
16:57 Man-at-Arms
19:49 Tusk Swords
20:22 Bow Saw
22:57 Bloodlines
22:47 Husbandry
30:33 Imperial Age
29:21 Scale Barding Armor
29:26 Forging
Mapuche Mayer
2:06 Loom
Itacate
0:27 Loom
7:25 Feudal Age
8:46 Wheelbarrow
7:59 Double-Bit Axe
7:58 Horse Collar
8:55 Town Watch
17:25 Castle Age
18:04 Gold Mining
18:07 Stone Mining
20:21 Crossbowman
28:10 Imperial Age
28:01 Husbandry
27:24 Pikeman
27:31 Pikeman
28:11 Squires
27:57 Arson
30:35 Forging
30:15 Fletching
31:41 Conscription
Matarreyes
2:24 Loom
7:53 Feudal Age
11:41 Double-Bit Axe
15:06 Castle Age
14:03 Horse Collar
15:15 Padded Archer Armor
15:06 Fletching
18:43 Wheelbarrow
18:47 Bow Saw
19:51 Bow Saw
21:01 Man-at-Arms
22:16 Caravan
22:38 Hand Cart
22:09 Long Swordsman
26:27 Forging
26:17 Scale Mail Armor
26:11 Arson
31:55 Imperial Age
29:41 Town Watch
29:56 Elite Skirmisher
Chekesin89
4:45 Loom
8:14 Feudal Age
10:28 Wheelbarrow
10:04 Double-Bit Axe
10:35 Horse Collar
15:11 Castle Age
13:28 Stone Mining
13:28 Gold Mining
15:43 Gold Mining
16:20 Fletching
16:25 Crossbowman
18:06 Gold Shaft Mining
19:30 Bow Saw
21:50 Hand Cart
22:11 Padded Archer Armor
23:46 Ballistics
24:56 Caravan
25:30 Heavy Plow
25:32 Bodkin Arrow
26:50 Leather Archer Armor
27:54 Yeomen
32:24 Imperial Age
Dr. Heinz Doofenshmirtz
1:53 Loom
8:32 Feudal Age
15:25 Castle Age
13:23 Double-Bit Axe
14:43 Scale Barding Armor
14:49 Forging
17:12 Chain Barding Armor
17:27 Iron Casting
28:23 Husbandry
32:16 Imperial Age
Odiseo
2:26 Loom
9:41 Feudal Age
12:37 Wheelbarrow
14:21 Castle Age
12:29 Double-Bit Axe
12:39 Gold Mining
12:38 Horse Collar
14:31 Wheelbarrow
15:40 Bow Saw
18:20 Hand Cart
19:13 Gold Shaft Mining
21:46 Ballistas
21:59 Fletching
22:18 Heavy Plow
23:22 Stone Mining
24:30 Ballistics
24:47 Squires
24:24 Pikeman
29:12 Imperial Age
28:55 Scale Mail Armor
29:06 Forging
30:06 Bodkin Arrow
31:09 Halberdier
31:12 Capped Ram
32:17 Conscription
Connection lost

Rejoining the realm…

Still unreachable

The connection could not be restored.

Session expired

The server has moved on; the page needs a fresh start.